 Dungeon Crawl Stone Soup version 0.31-a0-774-g0d66cbabe8 (webtiles) character file.

Game seed: 6512810685692882462

14344 mandarbmax the Carver (level 11, -2/101 HPs)
             Began as a Green Draconian Monk on Sept 17, 2023.
             Was a High Priest of Makhleb.
             Slain by a cane toad (9 damage)
             ... on level 2 of the Lair of Beasts on Sept 18, 2023.
             The game lasted 00:41:33 (9061 turns).

mandarbmax the Carver (Green Draconian Monk)        Turns: 9061, Time: 00:41:33

Health: -2/101     AC: 13    Str: 13    XL:     11   Next: 87%
Magic:  17/17      EV: 18    Int: 10    God:    Makhleb [*****.]
Gold:   682        SH:  0    Dex: 19    Spells: 10/10 levels left

rFire   + . .        J - +6 great sword
rCold   x . .        (shield currently unavailable)
rNeg    . . .        (body armour unavailable)
rPois   +            O - +0 hat {SInv}
rElec   .            (no cloak)
rCorr   .            o - +2 pair of gloves
SInv    +            N - +2 pair of boots
Will    .....        t - amulet of regeneration
Stlth   ++           b - ring of fire
HPRegen 1.16/turn    (no ring)
MPRegen 0.15/turn

%: no passive effects
@: slowed, very slow
A: breathe noxious fumes, AC +7, unfitting armour, poison resistance,
cold-blooded
a: Breathe Noxious Fumes, Renounce Religion, Minor Destruction, Lesser Servant
of Makhleb, Major Destruction, Greater Servant of Makhleb


You were on level 2 of the Lair of Beasts.
You worshipped Makhleb.
Makhleb was extremely pleased with you.
You visited 3 branches of the dungeon, and saw 13 of its levels.
You also visited: Sewer.

You collected 682 gold pieces.

Inventory:

Hand Weapons
 a - a +1 falchion
 J - a +6 great sword (weapon)
Missiles
 d - 5 curare-tipped darts
 e - a throwing net
 k - 5 poisoned darts
 s - 5 boomerangs
Armour
 c - an orb of light
 o - a +2 pair of gloves (worn)
 N - a +2 pair of boots (worn)
 O - a +0 hat of see invisible (worn)
Jewellery
 b - a ring of fire (left hand)
 t - an amulet of regeneration (around neck)
 y - a ring of ice
 z - a ring of magical power
 C - a ring of magical power
 R - a ring of fire
Wands
 A - a wand of roots (5)
 K - a wand of flame (12)
 P - a wand of paralysis (4)
Scrolls
 i - a scroll of vulnerability
 j - 2 scrolls of teleportation
 l - a scroll of immolation
 n - a scroll of silence {unknown}
 p - a scroll of torment {unknown}
 q - a scroll of poison
 D - a scroll of summoning {unknown}
 G - a scroll of fog {unknown}
 I - 2 scrolls of blinking
 M - a scroll of fear {unknown}
 Q - a scroll of revelation {unknown}
Potions
 f - a potion of enlightenment
 g - 2 potions of lignification
 h - 2 potions of attraction
 m - 2 potions of ambrosia
 r - 3 potions of might
 u - 2 potions of curing
 v - 2 potions of heal wounds {unknown}
 w - 3 potions of haste
 x - a potion of mutation
 B - 2 potions of degeneration {unknown}
 F - 2 potions of invisibility {unknown}
 H - a potion of resistance {unknown}
 L - 2 potions of cancellation {unknown}
Miscellaneous
 E - a phial of floods


   Skills:
 + Level 10.4 Fighting
 * Level 13.0 Long Blades
 + Level 8.7 Dodging
 + Level 8.1 Invocations


You had 10 spell levels left.
You didn't know any spells.
Your spell library contained the following spells:

 Spells                   Type           Power      Damage    Failure   Level
 Freeze                   Ice            0%         1d3       36%         1
 Sandblast                Erth           0%         2d4       36%         1
 Ensorcelled Hibernation  Hex/Ice        0%         N/A       50%         2
 Jinxbite                 Hex            0%         N/A       50%         2
 Passwall                 Tmut/Erth      0%         N/A       50%         2
 Frozen Ramparts          Ice            0%         1d1       75%         3
 Hailstorm                Conj/Ice       0%         3d3       75%         3
 Stone Arrow              Conj/Erth      0%         3d7       75%         3
 Anguish                  Hex/Necr       0%         N/A       98%         4
 Brom's Barrelling Bould  Conj/Erth      0%         2d3       98%         4
 Summon Ice Beast         Ice/Summ       0%         N/A       98%         4
 Simulacrum               Ice/Necr       0%         N/A       100%        6


Dungeon Overview and Level Annotations

Branches:
Dungeon (10/15)            Temple (1/1) D:4            Lair (2/5) D:9
  Sewer (visited)
  Swamp: Lair:2-3    Shoals: Lair:2-3     Snake: Lair:2-3    Spider: Lair:2-3
    Orc: D:9-12

Altars:
Ashenzari
Cheibriados
Dithmenos
Fedhas
Gozag
Hepliaklqana
Kikubaaqudgha
Makhleb
Nemelex Xobeh
Qazlal
Ru
Sif Muna
Trog
Uskayaw
Vehumet
Wu Jian
Xom
Zin
The Shining One
Lugonu

Shops:
D:6 (

Annotations:
D:4 1 runed translucent door, Crazy Yiuf


Innate Abilities, Weirdness & Mutations

You can breathe blasts of noxious fumes.
Your lurid green scales are hard. (AC +7)
You cannot fit into any form of body armour.
Your system is resistant to poisons. (rPois)
You are cold-blooded and may be slowed by cold attacks.


Message History

The blink frog looks even sicker.
The cane toad closely misses you. The water moccasin misses you.
Unknown command.
Unknown command.
You completely miss the water moccasin.
Your tail-slap misses the water moccasin.
The blink frog is engulfed in poison gas.
The blink frog looks as sick as possible!
The blink frog closely misses you. The water moccasin closely misses you.
The cane toad stings you.
Unknown command.
Unknown command.
Unknown command.
You miss the water moccasin.
Your tail-slap misses the water moccasin.
The blink frog is engulfed in poison gas.
The blink frog looks as sick as possible!
The blink frog closely misses you. The water moccasin closely misses you.
The cane toad barely misses you.
Being near the torpor snail leaves you feeling lethargic.
The blink frog is engulfed in poison gas.
The blink frog looks as sick as possible!
The blink frog misses you.
You slash the torpor snail!
The torpor snail is severely wounded.
The cane toad stings you!
* * * LOW HITPOINT WARNING * * *
The blink frog is engulfed in poison gas.
The blink frog looks as sick as possible!
You kill the blink frog!
Makhleb accepts your kill.
The cane toad stings you but does no damage.
Unknown command.
You completely miss the torpor snail.
The torpor snail is severely wounded.
The cane toad stings you!
* * * LOW HITPOINT WARNING * * *
The torpor snail bites you but does no damage.
The cane toad stings you!
You die... #### #####~~ ##.8 ≈~○☼○~○ #... ☼☼☼○°○

##8.< ..☼.☼°○## ##.... .......
.....#..# #.##.† ......?.
..☼..##.#######†#+
.......F....####☼.###......#.†..
............P##@☼.P#..#..#.#.#..
......##...##w#F..°°○°....#.#..
##.....P...#§..○§°#°.○8...+...8
##P.........#.○.☼§☼☼..°.........
.............°..○..#.○##...#....
...........○.○...○○#.§☼...###...
......P.......°.☼○.☼#.#.### ##.+
#....P#...☼.○☼...°..☼...# #..
#.... #.....#..........#.# ...


You could see a torpor snail (poisoned) and a cane toad.

Vanquished Creatures
  Gastronok (Lair:1)
  A catoblepas (D:9)
  Pikel (D:4)
  3 cane toads
  Jeremiah (D:6)
  A rime drake (Lair:2)
  3 komodo dragons
  A hornet (D:5)
  Grinder (D:6)
  7 blink frogs
  Sigmund (D:4)
  4 basilisks
  Eustachio (D:5)
  2 yaks (Lair:2)
  2 wyverns
  3 steam dragons
  8 water moccasins
  5 sky beasts (D:7)
  An orc warrior (D:9)
  An ice beast (D:7)
  A black bear (D:3)
  3 ogres
  2 centaurs
  11 wolves
  A phantom (D:5)
  4 lemures (D:4)
  A kobold brigand (D:6)
  10 bullfrogs
  11 wights
  19 killer bees
  An electric eel (Lair:1)
  4 howler monkeys
  3 hounds
  3 jellies
  6 orc priests
  2 gnoll boudas
  4 iguanas
  5 orc wizards
  7 gnolls
  12 adders
  6 river rats (Sewer)
  A shadow imp (D:7)
  2 white imps
  4 worms
  A dart slug (D:1)
  34 orcs
  18 ball pythons
  10 endoplasms
  3 giant cockroaches
  7 goblins
  13 hobgoblins
  4 jackals (D:1)
  3 quokkas
  7 bats
  3 frilled lizards
  6 kobolds
  25 rats
  A butterfly (Lair:2)
306 creatures vanquished.

Vanquished Creatures (collateral kills)
  A hornet (D:9)
  2 wights (D:9)
  A killer bee (D:7)
  2 howler monkeys (D:9)
  A gnoll (D:7)
7 creatures vanquished.

Vanquished Creatures (others)
  A steam dragon (D:7)
1 creature vanquished.

Grand Total: 314 creatures vanquished

Notes
Turn   | Place    | Note
-------+----------+-------------------------------------------
     0 | D:1      | mandarbmax the Draconian Monk began the quest for the Orb.
     0 | D:1      | Reached XP level 1. HP: 19/19 MP: 1/1
   180 | D:1      | Reached XP level 2. HP: 26/26 MP: 2/2
   459 | D:1      | Reached XP level 3. HP: 31/31 MP: 3/3
   953 | D:2      | Reached skill level 4 in Long Blades
   953 | D:2      | Reached XP level 4. HP: 6/40 MP: 4/4
  1784 | D:3      | Found a glowing golden altar of the Shining One.
  1843 | D:3      | Reached XP level 5. HP: 46/46 MP: 5/5
  1979 | D:3      | Noticed a black bear
  2003 | D:3      | Killed a black bear
  2004 | D:3      | Reached skill level 5 in Long Blades
  2373 | D:3      | Reached XP level 6. HP: 53/53 MP: 6/6
  3059 | D:4      | Reached skill level 5 in Fighting
  3098 | D:4      | Found a runed translucent door.
  3099 | D:4      | Noticed Crazy Yiuf
  3168 | D:4      | Found a staircase to the Ecumenical Temple.
  3196 | Temple   | Entered the Ecumenical Temple
  3211 | Temple   | Became a worshipper of Makhleb the Destroyer
  3211 | Temple   | Reached * piety under Makhleb
  3211 | Temple   | Reached ** piety under Makhleb
  3236 | D:4      | Found a broken altar of Ashenzari.
  3238 | D:4      | Noticed Sigmund
  3247 | D:4      | Killed Sigmund
  3248 | D:4      | Reached skill level 6 in Long Blades
  3248 | D:4      | Your scales start taking on a lurid green colour.
  3248 | D:4      | Reached XP level 7. HP: 59/61 MP: 7/7
  3248 | D:4      | Gained mutation: Your system is resistant to poisons.
                  | (rPois) [Green Draconian growth]
  3441 | D:4      | Noticed Pikel
  3481 | D:4      | Killed Pikel
  3482 | D:4      | Reached skill level 7 in Long Blades
  3482 | D:4      | Reached skill level 5 in Dodging
  3482 | D:4      | Reached XP level 8. HP: 65/70 MP: 8/8
  3850 | D:5      | Entered Level 5 of the Dungeon
  3852 | D:5      | Noticed a hornet
  3865 | D:5      | Paralysed by a hornet for 2 turns
  3975 | D:5      | Killed a hornet
  3976 | D:5      | Reached skill level 1 in Invocations
  4096 | D:5      | Noticed Eustachio
  4103 | D:5      | Reached skill level 8 in Long Blades
  4129 | D:5      | Killed Eustachio
  4205 | D:5      | Reached XP level 9. HP: 65/79 MP: 9/11
  4623 | D:6      | Found an ornate altar of the Wu Jian Council.
  4662 | D:6      | Found Fiowkil's Antique Weapon Emporium.
  4680 | D:6      | Noticed Grinder
  4693 | D:6      | Reached skill level 9 in Long Blades
  4705 | D:6      | Killed Grinder
  4742 | D:6      | Found an ancient bone altar of Kikubaaqudgha.
  4742 | D:6      | Found a stormy altar of Qazlal.
  4752 | D:6      | Noticed Jeremiah
  4753 | D:6      | Found a glowing silver altar of Zin.
  4768 | D:6      | Killed Jeremiah
  4829 | D:6      | Found a snail-covered altar of Cheibriados.
  5000 | D:6      | Found a glowing drain.
  5026 | Sewer    | Entered a sewer
  5148 | Sewer    | Reached *** piety under Makhleb
  5410 | D:6      | Reached skill level 10 in Long Blades
  5713 | D:7      | Reached XP level 10. HP: 20/88 MP: 13/13
  5777 | D:7      | Found a shadowy altar of Dithmenos.
  5820 | D:7      | Reached skill level 5 in Invocations
  5824 | D:7      | Reached **** piety under Makhleb
  6089 | D:7      | Found a sacrificial altar of Ru.
  6122 | D:7      | Found a sparkling altar of Nemelex Xobeh.
  6124 | D:7      | Found a bloodstained altar of Trog.
  6642 | D:8      | Found a hide-covered altar of Uskayaw.
  6642 | D:8      | Noticed a +0 spear
  6642 | D:8      | Noticed a +0 short sword
  6643 | D:8      | Noticed a +0 falchion
  6644 | D:8      | Noticed a +0 spear
  6655 | D:8      | Noticed a +0 dagger
  6655 | D:8      | Noticed a +0 short sword
  6655 | D:8      | Noticed a +0 falchion
  6655 | D:8      | Noticed a +0 dagger
  7028 | D:9      | Reached skill level 11 in Long Blades
  7189 | D:9      | Identified the +3 spear of Izotup {vamp, *Rage Fragile rC+
                  | Int+7}
  7216 | D:9      | Reached ***** piety under Makhleb
  7319 | D:9      | Found a staircase to the Lair.
  7828 | D:10     | Entered Level 10 of the Dungeon
  7843 | Lair:1   | Entered Level 1 of the Lair of Beasts
  7892 | Lair:1   | Noticed a catoblepas
  7991 | Lair:1   | Noticed Gastronok
  8002 | D:9      | Killed a catoblepas
  8003 | D:9      | Reached XP level 11. HP: 40/97 MP: 14/16
  8061 | Lair:1   | Killed Gastronok
  8062 | Lair:1   | Reached skill level 12 in Long Blades
  8537 | Lair:1   | Reached skill level 10 in Fighting
  9057 | Lair:2   | Reached skill level 13 in Long Blades
  9061 | Lair:2   | Slain by a cane toad

Illustrated notes

Levels and vault maps discovered:
D:1:      wander_arrival_peaceful_grave, layout_basic, minmay_pentomino_v4
D:2:      layout_basic
D:3:      layout_basic, lemuel_crystal_altar, hex_medium,
          minmay_misc_feat_four_crosses
D:4:      layout_loops_corners, lemuel_round_altar,
          minmay_temple_entry_crystal_x, minmay_vboxes, uniq_crazy_yiuf_cottage,
          uniq_pikel, uniq_sigmund
D:5:      layout_basic, uniq_eustachio
D:6:      layout_rooms, mainiacjoe_overflow_catwalk, cheibrodos_worm_habitat,
          minitemple, serial_shops, nicolae_stop_n_shop_1,
          cheibrodos_sewer_entry_bend, uniq_jeremiah, uniq_grinder
D:7:      layout_rooms, grunt_temple_overflow_open,
          mainiacjoe_overflow_concentric_impassable, serial_glass,
          glass_columns_a, glass_columns_c, hangedman_misty_isle
D:8:      layout_loops_ring, nicolae_uskayaw_en_pointe
D:9:      layout_layer_cave, lair_entry_dummy
D:10:     minmay_razor_zed, layout_basic, kennysheep_ying_yang,
          general_overflow_altar, david_orc_4, serial_shops, nicolae_shop_trees,
          nicolae_shop_window_shopping
Temple:   corrupted_temple
Lair:1:   layout_gridlike, uniq_gastronok
Lair:2:   layout_gridlike, minmay_shoals_entry_hut,
          grunt_forest_large_clearings, grunt_megastairs_1,
          serial_bayou_shore_b, lemuel_fruit_fields

Skill      XL: |  1  2  3  4  5  6  7  8  9 10 11 |
---------------+----------------------------------+-----
Dodging        | 3 4 5 6 7 8 |  8.7
Long Blades    | 4 5 6 7 8 10 11 13 | 13.0
Fighting       | 4 5 6 7 8 9 10 | 10.4
Invocations    | 2 4 6 8 |  8.1

Action                     |  1- 3 |  4- 6 |  7- 9 | 10-12 || total
---------------------------+-------+-------+-------+-------++-------
  Melee: Falchion          |    74 |   160 |   426 |   272 ||   932
         Tailslap          |     9 |    26 |    94 |    92 ||   221
         Great sword       |       |       |       |   129 ||   129
  Throw: Dart              |       |    10 |     1 |       ||    11
 Invoke: Minor Destruction |       |       |     5 |    11 ||    16
         Lesser Servant of |       |       |       |     2 ||     2
Ability: Breathe Noxious F |       |       |    27 |    26 ||    53
    Use: Potion            |       |     2 |       |     2 ||     4
         Scroll            |       |     3 |     7 |     9 ||    19
   Stab: Confused          |       |       |    24 |    14 ||    38
         Distracted        |       |       |       |     2 ||     2
 Armour: Skin              |    35 |    84 |   199 |   319 ||   637
  Dodge: Dodged            |    55 |   111 |   322 |   468 ||   956

Table legend: (Time is in decaauts)
 A = Elapsed time spent in this place.
 B = Non-inter-level travel time spent in this place.
 C = Inter-level travel time spent in this place.
 D = Time resting spent in this place.
 E = Time spent auto-exploring this place.
 F = Levels seen in this place.
 G = Mean time per level.
                   A        B        C        D        E       F      G
               +--------+--------+--------+--------+--------+-----+--------+
         Total |   9108 |   8696 |    412 |    560 |   5700 |  14 |  650.6 |
       Dungeon |   7601 |   7237 |    364 |    558 |   4863 |  10 |  760.1 |
        Temple |     29 |     15 |     14 |      0 |      0 |   1 |   29.0 |
          Lair |   1175 |   1141 |     34 |      2 |    709 |   2 |  587.5 |
         Sewer |    301 |    301 |      0 |      0 |    127 |   1 |  301.0 |
               +--------+--------+--------+--------+--------+-----+--------+

Top non-repeatable levels by time:
     D:4: 1124 daAuts
     D:2: 998 daAuts
     D:9: 951 daAuts
     D:1: 917 daAuts
     D:3: 843 daAuts
  Lair:1: 828 daAuts
     D:6: 750 daAuts
     D:5: 736 daAuts
     D:8: 677 daAuts
     D:7: 599 daAuts
  Lair:2: 346 daAuts
   Sewer: 301 daAuts
  Temple: 29 daAuts
    D:10: 2 daAuts
